 Dungeon Crawl Stone Soup version 0.22.1-1-ga44c0e5 (webtiles) character file.

869523 dvd the Slayer (level 27, -8/194 HPs)
             Began as a Gargoyle Monk on Oct 29, 2018.
             Was a High Priest of Cheibriados.
             Killed from afar by Lom Lobon (43 damage)
             ... with a great icy blast
             ... in Pandemonium on Oct 31, 2018.
             The game lasted 05:49:34 (66430 turns).

dvd the Slayer (Gargoyle Monk)                     Turns: 66430, Time: 05:49:35

Health: -8/194     AC: 42    Str: 36    XL:     27
Magic:  18/37      EV: 29    Int: 25    God:    Cheibriados [*****.]
Gold:   9674       SH: 32    Dex: 35    Spells: 36/55 levels left

rFire    + . .     SeeInvis +   a - +9 broad axe (flame)
rCold    + . .     Gourm    .   n - +3 large shield {reflect}
rNeg     + + .     Faith    .   D - +3 ring mail "Gygamiku" {Regen+ SInv Stlth+}
rPois    ∞         Spirit   .   g - +2 hat {MR+}
rElec    +         Reflect  +   J - scarf {cloud immunity}
rCorr    +         Harm     .   Z - +2 pair of gloves {archery}
MR       +++++     Clarity  +   w - +2 pair of boots {Stlth+}
Stlth    ++++++....             l - amulet of the Four Winds {rN+ MR+++ Clar}
HPRegen  0.82/turn              Y - ring "Maluh" {rF+ Str+4 Int-3 Slay+6 SInv}
MPRegen  0.25/turn              L - ring "Sass" {rCorr rC+ Dex+8}

@: about to teleport, flying, studying Spellcasting, deflect missiles, very slow
A: big wings, horns 1, rugged brown scales 1, clever 1, clumsy 1, low mp 1,
negative energy resistance 1, screaming 1, electricity resistance, unbreathing,
petrification resistance, rot immunity, subdued magic 2, AC +20
}: 9/15 runes: decaying, slimy, silver, abyssal, glowing, magical, fiery, dark,
gossamer
a: Stop Flying, Bend Time, Temporal Distortion, Slouch, Step From Time, Renounce
Religion


You were in Pandemonium.
You worshipped Cheibriados.
Cheibriados was extremely pleased with you.
You were not hungry.

You visited 10 branches of the dungeon, and saw 51 of its levels.
You visited Pandemonium 1 time, and saw 18 of its levels.
You visited the Abyss 2 times.
You also visited: Labyrinth.

You collected 10400 gold pieces.
You spent 726 gold pieces at shops.

Inventory:

Hand Weapons
 a - a +9 broad axe of flaming (weapon)
 b - a +9 broad axe of electrocution
 c - a +9 hunting sling of velocity
 F - the +11 flail "Spider's Curse" {vamp, rF+}
   (You took it off a balrug in Pandemonium)

   It inflicts no extra harm, but heals its wielder when it wounds a living foe.
   It protects you from fire.
Missiles
 f - 11 javelins of penetration (quivered)
 R - 360 sling bullets
Armour
 g - a +2 hat of magic resistance (worn)
 n - a +3 large shield of reflection (worn)
 p - the +6 shield of Liberalism {Int+4 Dex+3}
   (Okawaru gifted it to you on level 4 of the Depths)

   It affects your intelligence (+4).
   It affects your dexterity (+3).
 r - a scarf of resistance
 u - the +0 helmet of Ecrabealel {-Tele +Inv rC+++ rN+}
   (You acquired it in Pandemonium)

   It renders you almost immune to cold.
   It protects you from negative energy.
   It lets you turn invisible.
   It prevents most forms of teleportation.
 w - a +2 pair of boots of stealth (worn)
 D - the +3 ring mail "Gygamiku" (worn) {Regen+ SInv Stlth+}
   (Okawaru gifted it to you on level 5 of the Lair of Beasts)

   It lets you see invisible.
   It increases your rate of regeneration.
   It makes you more stealthy.
 J - a scarf of cloud immunity (worn)
 Z - a +2 pair of gloves of archery (worn)
Jewellery
 l - the amulet of the Four Winds (around neck) {rN+ MR+++ Clar}
   (You found it on level 5 of the Pits of Slime)

   [amulet of nothing]

   It protects you from negative energy.
   It affects your resistance to hostile enchantments.
   It protects you against confusion.
 t - the ring of Curiosity {rF+ rC+ rN+}
   (You found it on level 3 of the Crypt)

   [ring of positive energy]

   It protects you from fire.
   It protects you from cold.
   It protects you from negative energy.
 y - the ring "Onuez" {rCorr Str+4 Dex+7 Slay+2}
   (You took it off a deep elf mage on level 3 of the Elven Halls)

   [ring of resist corrosion]

   It affects your strength (+4).
   It affects your dexterity (+7).
   It affects your accuracy and damage with ranged weapons and melee attacks
   (+2).
 L - the ring "Sass" (right hand) {rCorr rC+ Dex+8}
   (You found it on level 3 of the Crypt)

   [ring of resist corrosion]

   It affects your dexterity (+8).
   It protects you from cold.
 N - the amulet "Ruhecviko" {Spirit rC+}
   (You found it on level 15 of the Dungeon)

   [amulet of guardian spirit]

   It causes incoming damage to be split between your health and magic.
   It protects you from cold.
 Y - the ring "Maluh" (left hand) {rF+ Str+4 Int-3 Slay+6 SInv}
   (You took it off an ironheart preserver on level 5 of the Vaults)

   [ring of strength]

   It affects your strength (+4).
   It affects your intelligence (-3).
   It affects your accuracy and damage with ranged weapons and melee attacks
   (+6).
   It protects you from fire.
   It lets you see invisible.
Wands
 d - a wand of scattershot (4)
 s - a wand of paralysis (30)
 z - a wand of digging (27)
 H - a wand of flame (241)
 O - a wand of acid (28)
 P - a wand of disintegration (18)
 U - a wand of iceblast (42)
 X - a wand of clouds (18)
Scrolls
 h - 24 scrolls of teleportation
 k - 28 scrolls of remove curse
 m - 22 scrolls of identify
 x - 2 scrolls of fog
 A - 2 scrolls of amnesia
 B - 15 scrolls of magic mapping
 C - 3 scrolls of fear
 I - 5 scrolls of blinking
 S - 2 scrolls of holy word
 V - 3 scrolls of summoning
Potions
 e - 2 potions of might
 j - 2 potions of agility
 o - 21 potions of curing
 q - 2 potions of heal wounds
 v - 4 potions of invisibility
 E - 3 potions of mutation
 G - 5 potions of ambrosia
 M - 2 potions of cancellation
 Q - 5 potions of brilliance
 T - a potion of resistance
 W - 4 potions of magic
Books
 K - a manual of Spellcasting
Comestibles
 i - 86 rations


   Skills:
 + Level 23.9 Fighting
 + Level 20.4(21.1) Axes
 + Level 11.2(17.8) Maces & Flails
   Level 1.7(14.0) Polearms
 + Level 13.7(13.8) Slings
 + Level 2.9(9.6) Throwing
 - Level 13.3 Armour
 + Level 14.1 Dodging
 + Level 9.5 Stealth
 + Level 22.6 Shields
 * Level 14.6 Spellcasting
 + Level 12.2 Charms
 + Level 11.9 Summonings
 + Level 6.1 Necromancy
 + Level 6.8 Translocations
 + Level 8.3 Air Magic
 * Level 12.6 Invocations
 + Level 0.5 Evocations


You had 36 spell levels left.
You knew the following spells:

 Your Spells              Type           Power        Failure   Level  Hunger
a - Blink                 Tloc           N/A          1%          2    None
b - Apportation           Tloc           ####..       1%          1    None
d - Regeneration          Chrm/Necr      #####.....   1%          3    None
e - Song of Slaying       Chrm           #####...     0%          2    None
f - Deflect Missiles      Chrm/Air       #####.....   8%          6    ####...
g - Aura of Abjuration    Summ           #####.....   1%          5    ##.....

Your spell library contained the following spells:

 Spells                   Type           Power        Failure   Level  Hunger
 Infusion                 Chrm           ####         0%          1    None
 Summon Butterflies       Summ           #####...     0%          1    None
 Summon Small Mammal      Summ           ####         0%          1    None
 Call Imp                 Summ           #####...     0%          2    None
 Animate Skeleton         Necr           N/A          1%          1    None
 Shock                    Conj/Air       ###.         1%          1    None
 Poisonous Vapours        Pois/Air       ###...       1%          2    None
 Shroud of Golubria       Chrm/Tloc      #####.....   1%          2    None
 Swiftness                Chrm/Air       #####...     1%          2    None
 Call Canine Familiar     Summ           #####...     1%          3    None
 Gell's Gravitas          Tloc           ####......   1%          3    None
 Lesser Beckoning         Tloc           ####......   1%          3    None
 Portal Projectile        Hex/Tloc       ###...       1%          3    None
 Recall                   Summ/Tloc      N/A          1%          3    None
 Spectral Weapon          Hex/Chrm       ####....     1%          3    None
 Summon Guardian Golem    Hex/Summ       ####....     1%          3    None
 Teleport Other           Tloc           ####....     1%          3    None
 Passage of Golubria      Tloc           N/A          1%          4    None
 Summon Lightning Spire   Summ/Air       #####...     1%          4    None
 Summon Demon             Summ           #####.....   1%          5    ##.....
 Summon Forest            Summ/Tloc      #####.....   1%          5    ##.....
 Sandblast                Erth           ##....       2%          1    None
 Mephitic Cloud           Conj/Pois/Air  ###.....     2%          3    None
 Summon Ice Beast         Ice/Summ       ####....     2%          4    None
 Beastly Appendage        Tmut           ##....       3%          1    None
 Confusing Touch          Hex            ##....       3%          1    None
 Flame Tongue             Conj/Fire      ##...        3%          1    None
 Magic Dart               Conj           ##..         3%          1    None
 Sting                    Conj/Pois      ##..         3%          1    None
 Shadow Creatures         Summ           N/A          3%          6    ####...
 Ensorcelled Hibernation  Hex/Ice        ##....       4%          2    None
 Passwall                 Tmut/Erth      ##......     4%          2    None
 Searing Ray              Conj           ##....       4%          2    None
 Slow                     Hex            ##......     4%          2    None
 Sticks to Snakes         Tmut           ##......     4%          2    None
 Throw Frost              Conj/Ice       ##....       4%          2    None
 Force Lance              Conj/Tloc      ###.....     8%          4    None
 Iskenderun's Battlesphe  Conj/Chrm      ####....     8%          5    ##.....
 Summon Mana Viper        Hex/Summ       ####....     8%          5    ##.....
 Confuse                  Hex            ##......     11%         3    None
 Conjure Flame            Conj/Fire      ##......     11%         3    None
 Dazzling Spray           Conj/Hex       ##....       11%         3    None
 Ignite Poison            Fire/Tmut/Pois ##......     11%         3    None
 Spider Form              Tmut/Pois      ##........   11%         3    None
 Stone Arrow              Conj/Erth      ##....       11%         3    None
 Silence                  Hex/Air        ###.......   19%         5    ##.....
 Monstrous Menagerie      Summ           #####.....   24%         7    ######.
 Summon Greater Demon     Summ           #####.....   24%         7    ######.
 Summon Hydra             Summ           #####.....   24%         7    ######.
 Borgnjor's Vile Clutch   Necr/Erth      ###.......   28%         5    ##.....
 Cause Fear               Hex            ##........   36%         4    None
 Fulminant Prism          Conj/Hex       ##........   36%         4    None
 Ice Form                 Ice/Tmut       ##......     36%         4    None
 Iskenderun's Mystic Bla  Conj           ##......     36%         4    None
 Leda's Liquefaction      Hex/Erth       ##........   36%         4    None
 Olgreb's Toxic Radiance  Pois           ##......     36%         4    None
 Petrify                  Tmut/Erth      ##......     36%         4    None
 Malign Gateway           Summ/Tloc      #####.....   58%         7    ######.
 Bolt of Magma            Conj/Fire/Erth ##........   73%         5    ##.....
 Lee's Rapid Deconstruct  Erth           ##........   73%         5    ##.....
 Alistair's Intoxication  Tmut/Pois      ##......     75%         5    ##.....
 Blade Hands              Tmut           ##........   75%         5    ##.....
 Fireball                 Conj/Fire      ##........   75%         5    ##.....
 Irradiate                Conj/Tmut      ##........   75%         5    ##.....
 Metabolic Englaciation   Hex/Ice        ##........   75%         5    ##.....
 Venom Bolt               Conj/Pois      ##........   75%         5    ##.....
 Yara's Violent Unravell  Hex/Tmut       ##........   75%         5    ##.....
 Freezing Cloud           Conj/Ice/Air   ###.......   90%         6    ####...
 Summon Horrible Things   Summ           #####.....   90%         8    #######
 Ring of Flames           Chrm/Fire      ####......   96%         7    ######.
 Spellforged Servitor     Conj/Summ      ####......   97%         7    ######.
 Bolt of Fire             Conj/Fire      ##........   100%        6    ####...
 Darkness                 Hex            ##........   100%        6    ####...
 Invisibility             Hex            ##......     100%        6    ####...
 Iron Shot                Conj/Erth      ##........   100%        6    ####...
 Dragon Form              Tmut           ##........   100%        7    ######.
 Orb of Destruction       Conj           ##........   100%        7    ######.
 Discord                  Hex            ##........   100%        8    #######
 Ignition                 Fire           ##........   100%        8    #######
 Dragon's Call            Summ           #####.....   100%        9    #######
 Shatter                  Erth           ##........   100%        9    #######
 Sublimation of Blood     Necr           Unusable     N/A         2    N/A
 Statue Form              Tmut/Erth      Unusable     N/A         6    N/A

Dungeon Overview and Level Annotations

Branches:
Dungeon (15/15)            Temple (0/1) D:7            Lair (6/6) D:9
  Swamp (4/4) Lair:2       Spider (4/4) Lair:4        Slime (5/5) Lair:6
    Orc (2/2) D:9             Elf (3/3) Orc:2        Vaults (5/5) D:13
  Crypt (3/3) Vaults:3       Tomb (0/3) Crypt:3      Depths (4/5) D:15

Altars:
Ashenzari
Cheibriados
Fedhas
Gozag
Hepliaklqana
Kikubaaqudgha
Okawaru
Ru
Wu Jian
Xom
Yredelemnul
The Shining One
Beogh
Jiyva

Shops:
D:7 *   D:8 %[(   D:11 (   D:14 }(   Orc:2 =[*%   Vaults:1 *   Vaults:3 (
Vaults:4 [

Portals:
Hell: Depths:1 Depths:2* Depths:3 Depths:4
Abyss: Depths:4
Pandemonium: Depths:3
Ziggurat: Depths:4

Annotations:
Pan Lom Lobon


Innate Abilities, Weirdness & Mutations

You are resistant to torment.
Your stone body is resilient. (AC +20)
You are immune to poison.
Your large and strong wings let you fly indefinitely.
You resist negative energy. (rN+)
You are resistant to electric shocks. (rElec)
You can survive without breathing.
You are immune to petrification.
You are immune to rotting.
You have a pair of small horns on your head.
You are partially covered in rugged brown scales. (AC +1, +3% HP)
Your mind is acute. (Int +2)
You are clumsy. (Dex -2)
Your magical capacity is low. (-10% MP)
You occasionally shout uncontrollably at your foes.
Your spells are easier to cast, but less powerful.


Message History

The ball lightning explodes!
The blast of lightning engulfs the demonic crawler.
The demonic crawler resists.
The blast of lightning engulfs the ball lightning.
The ball lightning completely resists.
The blast of lightning engulfs you!
The blast of lightning engulfs the ball lightning.
The ball lightning completely resists.
The great icy blast engulfs the demonic crawler.
The demonic crawler partially resists.
The demonic crawler dies!
The great icy blast engulfs the ball lightning.
The ball lightning partially resists.
The ball lightning explodes!
The blast of lightning engulfs you!
The great icy blast engulfs the ball lightning.
The ball lightning partially resists.
The ball lightning explodes!
The blast of lightning engulfs you! The great icy blast engulfs you!
You partially resist.
You die...

#.......§.....#
#......*...§...
#.§..§§.§()...#
#.......§&).2.#
#..§...§§§*)..#
#§..§§§§§§....#
####§§§§§§§####
#§§§§§§§#
#§§§@..)#
#((..(..#
#########


You could see Lom Lobon, a cacodemon and 2 ball lightnings.

Vanquished Creatures
  Cerebov (Pan)
  the Royal Jelly (Slime:5)
  Gloorx Vloq (Pan)
  Mnoleg (Pan)
  Mennas (Vaults:3)
  3 ancient liches
  A pandemonium lord (Pan)
  3 juggernauts
  A greater mummy (Crypt:3)
  the Lernaean hydra (Swamp:4)
  Boris (Crypt:2)
  Saint Roka (Depths:3)
  The ghost of Maffolandro the Slayer, a veteran HOWn of Okawaru (Depths:2)
  3 golden dragons
  2 caustic shrikes (Depths:4)
  The ghost of Ofuow the Slayer, a veteran GrGl of Okawaru (Depths:2)
  The ghost of Ofuow the Slayer, a veteran GrGl of Okawaru (Depths:2)
  2 profane servitors
  Arachne (Spider:3)
  Jory (Crypt:1)
  8 bone dragons
  5 liches
  An iron giant (Depths:2)
  A Brimstone Fiend (Pan)
  2 Hell Sentinels
  3 hellephants
  11 tentacled monstrosities
  10 deep elf blademasters
  Asterion (Vaults:2)
  3 quicksilver dragons
  22 titans
  5 deep elf master archers
  2 Ice Fiends (Pan)
  21 Executioners
  An eldritch tentacle (Pan)
  19 tentacled starspawn
  Kirke (D:14)
  5 sphinxes
  2 ancient champions (Crypt:1)
  14 acid blobs
  5 shadow dragons
  5 tengu reavers
  Donald (Elf:2)
  9 azure jellies
  4 storm dragons (Depths:4)
  4 revenants
  22 fire giants
  2 daevas
  17 frost giants
  Louise (D:14)
  17 vault wardens
  3 iron dragons
  A ghost moth (Spider:4)
  4 blood saints (Pan)
  A draconian knight (Abyss:4)
  3 draconian shifters (Abyss:4)
  17 balrugs
  2 orc warlords
  8 deep elf sorcerers
  18 cacodemons
  A ghost moth (shapeshifter) (Vaults:4)
  5 reapers
  3 warmongers (Pan)
  6 deep elf elementalists
  7 curse skulls
  7 emperor scorpions
  19 very ugly things
  3 ghouls (Crypt:1)
  A war gargoyle (Vaults:5)
  12 ironheart preservers
  A draconian annihilator (Pan)
  A spriggan defender (Depths:2)
  31 stone giants
  5 corrupters (Pan)
  10 entropy weavers
  3 black suns (Pan)
  10 vampire knights
  4 green draconians
  The ghost of yogakurto the Basher, a journeyman CeAM of Xom (Lair:6)
  2 lorocyprocas (Pan)
  86 starcursed masses
  3 deep elf demonologists
  A minotaur (Lab)
  3 yellow draconians
  A dire elephant (shapeshifter) (Depths:4)
  2 red draconians (Crypt:3)
  5 dire elephants (Abyss:4)
  11 eidola
  11 spark wasps
  4 white draconians
  13 deep elf annihilators
  2 purple draconians (Crypt:3)
  12 ettins
  8 death oozes (Slime:5)
  A green death (Pan)
  11 deep elf death magi
  Josephine (D:10)
  5 blizzard demons (Pan)
  2 quicksilver dragon zombies
  16 jiangshi
  12 yaktaur captains
  8 fire dragons
  17 great orbs of eyes
  Fannar (D:10)
  3 hell beasts
  34 vault guards
  15 rakshasas
  5 deep elf high priests
  35 hydras
  Harold (D:8)
  3 spriggan air magi
  3 monstrous demonspawn (Pan)
  A death knight (Vaults:4)
  8 ice dragons
  A quicksilver dragon skeleton (Crypt:3)
  11 centaur warriors
  A ghost crab (Swamp:2)
  The ghost of marthius the Slicer, a journeyman HuFi of Hepliaklqana (Swamp:1)
  10 alligators
  12 vampire magi
  6 tengu warriors
  18 ogre magi
  4 hell hogs
  60 two-headed ogres
  25 dancing weapons
  A satyr (shapeshifter) (Depths:4)
  A two-headed ogre (shapeshifter) (Vaults:5)
  10 death yaks
  11 deep troll shamans
  The ghost of SaintRoka the Cleaver, a novice DsGl of Gozag (D:10)
  10 deep troll earth magi
  79 large abominations
  31 thrashing horrors
  Urug (D:13)
  2 titan zombies (Crypt:3)
  2 spriggan berserkers (Depths:3)
  32 deep elf knights
  16 soul eaters
  A titan skeleton (Crypt:1)
  Sonja (Orc:1)
  19 sixfirhies
  20 sun demons
  2 storm dragon zombies (Crypt:3)
  19 skeletal warriors
  6 iron trolls
  A storm dragon skeleton (Abyss:2)
  13 wretched stars
  7 shadow wraiths
  36 small abominations
  3 hell knights
  6 spatial maelstroms
  2 golden dragon zombies (Crypt:3)
  3 anaconda zombies
  6 glowing orange brains
  A shambling mangrove (Swamp:3)
  A lindwurm (shapeshifter) (Vaults:5)
  A cherub (Pan)
  3 flayed ghosts
  7 unseen horrors
  38 deep trolls
  13 swamp dragons
  A ghost moth zombie (Crypt:3)
  6 shadow demons (Pan)
  A torturous demonspawn (Pan)
  26 deep elf archers
  2 shadow dragon zombies
  11 infernal demonspawn (Pan)
  28 phantasmal warriors
  10 wizards
  79 deep elf magi
  17 necromancers
  A swamp dragon (shapeshifter) (Vaults:4)
  5 fire giant zombies
  4 golden dragon skeletons (Crypt:3)
  An anaconda skeleton (Pan)
  6 harpies
  3 frost giant zombies (Crypt:1)
  An orb spider (shapeshifter) (Depths:2)
  17 orb spiders
  4 orc sorcerers
  10 orc knights
  4 shining eyes
  A stone giant zombie (Crypt:3)
  36 ugly things
  21 ironbrand convokers
  A manticore (D:13)
  35 wolf spiders
  4 worldbinders
  4 cyclopes
  6 salamanders
  2 moths of wrath
  A manticore (shapeshifter) (Depths:4)
  4 elephants
  2 fire giant skeletons
  2 stone giant skeletons (Vaults:1)
  2 human skeletons
  A black mamba (shapeshifter) (Depths:3)
  5 apocalypse crabs
  A sphinx skeleton (Crypt:1)
  A dire elephant zombie (Crypt:1)
  An elephant (shapeshifter) (Elf:3)
  2 water nymphs (shapeshifter)
  17 smoke demons
  9 black mambas
  4 frost giant skeletons
  14 orange demons
  2 guardian serpents (shapeshifter)
  A toenail golem (Abyss:3)
  12 vault sentinels
  5 eyes of devastation
  2 gargoyles
  6 torpor snails
  2 rust devils
  A hellion (Pan)
  A catoblepas zombie (Abyss:4)
  2 storm dragon simulacra
  Joseph (D:8)
  26 spiny frogs
  A rime drake (Lair:1)
  6 komodo dragons
  A dire elephant skeleton (Crypt:3)
  42 yaktaurs
  A rime drake (shapeshifter) (Vaults:3)
  A yaktaur (shapeshifter) (Vaults:4)
  An anaconda simulacrum (Abyss:2)
  2 kobold demonologists (D:13)
  24 demonic crawlers
  6 efreet
  16 freezing wraiths
  30 hellwings
  5 tormentors
  10 red devils (Pan)
  45 jumping spiders
  A black draconian skeleton (Crypt:2)
  A merfolk (D:10)
  A queen ant zombie (Crypt:2)
  20 ancient zymes
  7 tengu conjurers
  A death drake zombie (Crypt:1)
  2 polar bears
  A queen bee (shapeshifter) (Vaults:4)
  7 trolls
  A meliai (shapeshifter) (Abyss:5)
  13 tyrant leeches
  A wind drake (shapeshifter) (Vaults:1)
  15 bog bodies
  28 hornets
  24 blink frogs
  A blink frog (shapeshifter) (Vaults:5)
  8 dream sheep (Lair:6)
  2 ettin zombies (Crypt:3)
  45 raiju
  89 slime creatures
  A dream sheep (shapeshifter) (Elf:1)
  2 hydra skeletons
  2 stone giant simulacra
  A hippogriff (D:9)
  A meliai zombie (Crypt:1)
  4 fire dragon zombies (Crypt:3)
  A snapping turtle (shapeshifter) (D:14)
  15 flying skulls
  5 air elementals
  70 redbacks
  18 wraiths
  21 ynoxinuls
  26 tarantellas
  5 water elementals
  An ettin skeleton (Abyss:2)
  3 spriggans (shapeshifter)
  3 shadows
  3 fire dragon skeletons
  9 spriggans
  A black mamba zombie (Crypt:3)
  An ushabti (Crypt:3)
  A hog (shapeshifter) (Vaults:1)
  54 yaks
  Eustachio (D:5)
  4 fire bats (Abyss:3)
  4 fire elementals
  A human (shapeshifter) (Vaults:1)
  A human (D:13)
  A hungry ghost (D:15)
  26 neqoxecs
  Grum (D:8)
  4 basilisks
  23 chaos spawn
  5 wyverns
  A yak (shapeshifter) (Depths:4)
  14 golden eyes
  3 hogs (D:14)
  27 vampire mosquitoes
  A yaktaur simulacrum (Vaults:1)
  Menkaure (D:6)
  Edmund (D:5)
  12 spatial vortices
  9 swamp worms
  17 insubstantial wisps
  An elf zombie (Vaults:1)
  5 wargs
  Duvessa (D:6)
  A soldier ant (D:12)
  13 water moccasins
  A two-headed ogre zombie (Crypt:2)
  7 floating eyes
  A soldier ant (shapeshifter) (Depths:1)
  3 acid dragons
  A spiny frog zombie (Crypt:3)
  8 hell hounds
  An ogre skeleton (Vaults:1)
  A swamp drake (shapeshifter) (D:15)
  9 porcupines
  12 swamp drakes
  2 snapping turtle zombies
  5 ice beasts
  3 phantoms
  5 sky beasts
  7 eyes of draining
  46 orc warriors
  An ettin simulacrum (Vaults:1)
  A necrophage (D:8)
  57 ogres
  7 boggarts
  A lindwurm zombie (Crypt:2)
  16 wolves
  23 centaurs
  A crocodile (shapeshifter) (Depths:1)
  12 crocodiles
  Blork the orc (D:6)
  8 big kobolds (Abyss:5)
  24 bullfrogs
  A glowing shapeshifter simulacrum (Vaults:1)
  A wyvern zombie (D:12)
  3 earth elementals
  2 gnoll sergeants
  A cyclops zombie (Crypt:2)
  A water moccasin zombie (Crypt:1)
  11 wyvern skeletons (Crypt:3)
  14 killer bees
  6 scorpions
  Dowan (D:6)
  A queen bee zombie (Crypt:2)
  A raiju skeleton (Crypt:1)
  A spectral wolf (Crypt:1)
  10 electric eels
  3 howler monkeys
  4 centaur zombies
  4 lava snakes (Lab)
  16 crimson imps
  3 hounds
  3 quasits
  6 jellies
  2 bullfrog skeletons
  6 centaur skeletons
  14 orc priests
  Crazy Yiuf (D:5)
  4 iron imps
  3 iguanas
  21 orc wizards
  9 worker ants
  A tengu skeleton (Crypt:3)
  3 hound skeletons
  A hound zombie (D:3)
  2 mummies (Crypt:3)
  A howler monkey zombie (Crypt:2)
  A worker ant zombie (D:6)
  Robin (D:2)
  10 adders
  8 gnolls
  7 shadow imps
  8 white imps
  4 ufetubi
  2 oozes
  An adder skeleton (D:9)
  An adder zombie (D:7)
  4 worms
  14 ball lightnings (Pan)
  A dart slug (D:1)
  6 leopard geckos
  114 orcs
  3 ball pythons
  A bat skeleton (Crypt:1)
  6 giant cockroaches
  11 goblins
  12 hobgoblins
  13 jackals
  6 kobolds
  5 quokkas
  4 bats
  5 frilled lizards
  A jackal skeleton (D:5)
  2 kobold skeletons
  A leopard gecko skeleton (Crypt:2)
  7 rats
  5 crawling corpses
  3 fire vortices (Pan)
  7 fungi
  2 lurking horrors
  8 plants
  28 starspawn tentacles
  6 withered plants (Crypt:3)
3442 creatures vanquished.

Vanquished Creatures (others)
  Nikola (Depths:1)
  A deep elf master archer (Abyss:2)
  2 eldritch tentacles (Pan)
  A warmonger (Pan)
  A stone giant (Vaults:5)
  A deep elf annihilator (Pan)
  2 rakshasas (Pan)
  5 yaktaur captains
  A vault guard (Vaults:5)
  A deep elf knight (Crypt:3)
  A wizard (Pan)
  6 deep elf archers
  An ironbrand convoker (Vaults:2)
  3 deep elf magi
  A vault sentinel (Vaults:5)
  A demonic crawler (Pan)
  7 yaktaurs
  A hellwing (Pan)
  A polar bear (shapeshifter) (Depths:4)
  A blink frog (Abyss:5)
  A slime creature (Slime:2)
  4 water elementals (Depths:2)
  A golden eye (Pan)
  A chaos spawn (Pan)
  2 neqoxecs (Abyss:4)
  A swamp worm (Swamp:2)
  6 hydra simulacra (Depths:2)
  2 orc wizards (Orc:2)
  An ufetubus (Abyss:4)
  24 ball lightnings (Pan)
  An orc (Vaults:5)
  A bush (Swamp:4)
  11 fungi
  A lurking horror (Abyss:5)
  51 plants
  22 starspawn tentacles
  10 withered plants (Crypt:3)
179 creatures vanquished.

Grand Total: 3621 creatures vanquished

Notes
Turn   | Place    | Note
-------+----------+-------------------------------------------
     0 | D:1      | dvd the Gargoyle Monk began the quest for the Orb.
     0 | D:1      | Reached XP level 1. HP: 14/14 MP: 1/1
    77 | D:1      | Reached XP level 2. HP: 15/19 MP: 2/2
   614 | D:2      | Reached XP level 3. HP: 24/24 MP: 3/3
   649 | D:2      | Noticed Robin
  1367 | D:1      | Reached XP level 4. HP: 7/29 MP: 4/4
  1611 | D:2      | Killed Robin
  2127 | D:3      | Reached skill level 4 in Fighting
  2231 | D:3      | Reached XP level 5. HP: 27/33 MP: 5/5
  2560 | D:3      | Reached skill level 1 in Armour
  2835 | D:2      | Reached skill level 5 in Maces & Flails
  2858 | D:3      | Reached XP level 6. HP: 10/38 MP: 6/6
  3695 | D:4      | Reached skill level 1 in Shields
  4017 | D:5      | Entered Level 5 of the Dungeon
  4090 | D:5      | Reached XP level 7. HP: 44/44 MP: 7/7
  4140 | D:5      | Found a runed door.
  4144 | D:5      | Noticed Crazy Yiuf
  4163 | D:5      | Killed Crazy Yiuf
  4635 | D:5      | Noticed Edmund
  4643 | D:5      | Noticed Eustachio
  4656 | D:5      | Killed Edmund
  4703 | D:5      | Killed Eustachio
  4724 | D:5      | Reached XP level 8. HP: 28/48 MP: 8/8
  4849 | D:5      | Reached skill level 5 in Fighting
  5310 | D:5      | Found a hazy altar of Hepliaklqana.
  5485 | D:6      | Noticed Blork the orc
  5497 | D:6      | Killed Blork the orc
  5908 | D:6      | Found an iron altar of Okawaru.
  5921 | D:6      | Became a worshipper of Warmaster Okawaru
  5921 | D:6      | Reached * piety under Okawaru
  5921 | D:6      | Reached ** piety under Okawaru
  5999 | D:6      | Noticed Menkaure
  6013 | D:6      | Killed Menkaure
  6013 | D:6      | Reached XP level 9. HP: 43/55 MP: 9/9
  6343 | D:6      | Noticed Dowan
  6355 | D:6      | Killed Dowan
  6355 | D:6      | Reached skill level 1 in Invocations
  6357 | D:6      | Noticed Duvessa
  6383 | D:6      | Killed Duvessa
  6383 | D:6      | Reached skill level 6 in Fighting
  6786 | D:7      | Reached skill level 5 in Armour
  6920 | D:7      | Found a hazy altar of Hepliaklqana.
  7141 | D:7      | Found a staircase to the Ecumenical Temple.
  7295 | D:7      | Found Ciohunig's Assorted Antiques.
  7430 | D:8      | Found an ornate altar of the Wu Jian Council.
  7524 | D:8      | Noticed Grum
  7537 | D:8      | Killed Grum
  7540 | D:8      | Reached *** piety under Okawaru
  7791 | D:8      | Found Fuseusoa's Weapon Emporium.
  7830 | D:8      | Noticed Joseph
  7856 | D:8      | Killed Joseph
  7856 | D:8      | Reached skill level 1 in Axes
  7896 | D:8      | Found a snail-covered altar of Cheibriados.
  7990 | D:8      | Reached skill level 5 in Dodging
  8000 | D:8      | Reached XP level 10. HP: 47/61 MP: 11/11
  8006 | D:8      | Reached skill level 1 in Slings
  8081 | D:8      | Noticed Harold
  8125 | D:8      | Killed Harold
  8125 | D:8      | Reached skill level 7 in Fighting
  8344 | D:8      | Found Xecoomaf's Food Emporium.
  8556 | D:8      | Found Muovejai's Armour Boutique.
  8748 | D:9      | Reached **** piety under Okawaru
  8775 | D:9      | Found a blossoming altar of Fedhas.
  8790 | D:9      | Found an opulent altar of Gozag.
  8975 | D:9      | Found a snail-covered altar of Cheibriados.
  9080 | D:9      | Noticed a death yak
  9101 | D:9      | Noticed a death yak
  9183 | D:8      | Killed a death yak
  9183 | D:8      | Reached skill level 1 in Throwing
  9523 | D:9      | Found a staircase to the Orcish Mines.
  9667 | D:9      | Noticed a death yak
  9717 | D:9      | Killed a death yak
  9717 | D:9      | Reached ***** piety under Okawaru
  9717 | D:9      | Reached skill level 8 in Fighting
  9717 | D:9      | Reached XP level 11. HP: 22/68 MP: 12/12
 10209 | D:9      | Killed a death yak
 10209 | D:9      | Reached skill level 10 in Maces & Flails
 10479 | D:9      | Reached skill level 5 in Shields
 10492 | D:9      | Found a staircase to the Lair.
 10528 | D:9      | Reached skill level 5 in Slings
 11050 | Lair:1   | Entered Level 1 of the Lair of Beasts
 11318 | Lair:1   | Received a gift from Okawaru
 11527 | Lair:1   | Reached skill level 9 in Fighting
 11571 | Lair:1   | Received a gift from Okawaru
 11572 | Lair:1   | Got a pair of faintly humming boots {god gift}
 11578 | Lair:1   | Identified the +1 pair of boots of Coprocs {rN++ MR+ Dex-3}
                  | (Okawaru gifted it to you on level 1 of the Lair of Beasts)
 11734 | Lair:1   | Identified a scroll of acquirement
 12119 | Lair:2   | Reached XP level 12. HP: 40/76 MP: 13/13
 12294 | Lair:2   | Noticed a seven-headed hydra
 12308 | Lair:2   | Killed a seven-headed hydra
 12798 | Lair:2   | Reached skill level 5 in Axes
 12803 | Lair:2   | Found a staircase to the Swamp.
 12893 | Lair:3   | Noticed a seven-headed hydra
 12907 | Lair:3   | Killed a seven-headed hydra
 12907 | Lair:3   | Received a gift from Okawaru
 14041 | Lair:4   | Noticed a four-headed hydra
 14057 | Lair:4   | Killed a four-headed hydra
 14149 | Lair:4   | Found a hole to the Spider Nest.
 14614 | Lair:4   | Gained mutation: Your spells are a little easier to cast,
                  | but a little less powerful. [potion of mutation]
 14614 | Lair:4   | Gained mutation: Your flesh is cold resistant. (rC+)
                  | [potion of mutation]
 14667 | Lair:5   | Noticed an eight-headed hydra
 14680 | Lair:5   | Killed an eight-headed hydra
 14680 | Lair:5   | Reached skill level 10 in Fighting
 14680 | Lair:5   | Reached skill level 5 in Stealth
 14683 | Lair:5   | Found a labyrinth entrance.
 14717 | Lab      | Entered a labyrinth
 14800 | Lab      | Noticed a minotaur
 14828 | Lab      | Killed a minotaur
 14828 | Lab      | Reached XP level 13. HP: 30/82 MP: 11/15
 14858 | Lab      | Identified Lehudib's Incunabulum of Earth
 14863 | Lab      | Got a glittering bronze ring
 14871 | Lab      | Identified the ring of Limitation {*Tele *Corrode rElec
                  | rC+} (You found it in a labyrinth)
 15165 | Lair:5   | Received a gift from Okawaru
 15271 | Lair:5   | Received a gift from Okawaru
 15428 | Lair:5   | Received a gift from Okawaru
 15431 | Lair:5   | Got a brightly glowing ring mail {god gift}
 15442 | Lair:5   | Identified the +3 ring mail "Gygamiku" {Regen+ SInv Stlth+}
                  | (Okawaru gifted it to you on level 5 of the Lair of Beasts)
 16025 | Lair:6   | Entered Level 6 of the Lair of Beasts
 16048 | Lair:6   | Reached ****** piety under Okawaru
 16391 | Lair:6   | Found a viscous altar of Jiyva.
 16391 | Lair:6   | Found a staircase to the Slime Pits.
 16486 | Lair:6   | Gained mutation: Your large and strong wings let you fly
                  | indefinitely. [Gargoyle growth]
 16486 | Lair:6   | Reached XP level 14. HP: 55/88 MP: 13/16
 16510 | Lair:6   | Received a gift from Okawaru
 16511 | Lair:6   | Got a translucent hunting sling {god gift}
 16516 | Lair:6   | Identified the +5 hunting sling of Accidental Termination
                  | {flame, rElec rC- Dex+5} (Okawaru gifted it to you on level
                  | 6 of the Lair of Beasts)
 16656 | Lair:6   | Reached skill level 11 in Fighting
 17066 | Lair:6   | Received a gift from Okawaru
 17392 | Lair:6   | Reached skill level 10 in Slings
 17590 | Lair:6   | Found a runed gate.
 17591 | Lair:6   | Noticed yogakurto's ghost (journeyman CeAM)
 17592 | Lair:6   | Found a runed gate.
 17592 | Lair:6   | Found a runed gate.
 17824 | Lair:6   | Killed yogakurto's ghost
 18046 | Orc:1    | Entered Level 1 of the Orcish Mines
 18063 | Orc:1    | Noticed Sonja
 18104 | Orc:1    | Killed Sonja
 18240 | Orc:1    | Noticed an orc warlord
 18270 | Orc:1    | Killed an orc warlord
 18421 | Orc:2    | Entered Level 2 of the Orcish Mines
 19055 | Orc:2    | Received a gift from Okawaru
 19055 | Orc:2    | Reached XP level 15. HP: 84/96 MP: 18/18
 19277 | Orc:2    | Found a staircase to the Elven Halls.
 19483 | Orc:2    | Found Nezir's General Store.
 19483 | Orc:2    | Found Qaepulia's Armour Shop.
 19485 | Orc:2    | Found Foeh's Jewellery Boutique.
 19486 | Orc:2    | Found Doujeopn's Food Emporium.
 19987 | Orc:1    | Found a roughly hewn altar of Beogh.
 20173 | D:10     | Entered Level 10 of the Dungeon
 20232 | D:10     | Learned a level 2 spell: Blink
 20234 | D:10     | Learned a level 1 spell: Sandblast
 20245 | D:10     | Noticed Josephine
 20267 | D:10     | Killed Josephine
 20525 | D:10     | Found a runed door.
 20525 | D:10     | Noticed SaintRoka's ghost (novice DsGl)
 20546 | D:10     | Noticed Fannar
 20580 | D:10     | Killed Fannar
 20814 | D:10     | Reached skill level 12 in Fighting
 21332 | D:10     | Killed SaintRoka's ghost
 21487 | D:11     | Received a gift from Okawaru
 21513 | D:11     | Got a scorched ring mail {god gift}
 21514 | D:11     | Identified the +3 ring mail "Ostir" {*Slow rElec Regen+}
                  | (Okawaru gifted it to you on level 11 of the Dungeon)
 21632 | D:11     | Reached skill level 10 in Axes
 21929 | D:11     | Found Taax's Antique Weapon Shoppe.
 22292 | D:7      | Bought a polished trident for 229 gold pieces
 22292 | D:7      | Identified the +5 trident of Seyg Boru {pierce, +Rage rN+}
                  | (You bought it in a shop on level 7 of the Dungeon)
 23035 | D:12     | Reached skill level 1 in Polearms
 23134 | D:12     | Learned a level 2 spell: Shroud of Golubria
 23138 | D:12     | Learned a level 3 spell: Regeneration
 23141 | D:12     | Learned a level 2 spell: Song of Slaying
 23239 | D:13     | Reached skill level 1 in Charms
 23762 | D:13     | Received a gift from Okawaru
 23874 | D:13     | Noticed Urug
 23880 | D:13     | Killed Urug
 24067 | D:13     | Found a gate to the Vaults.
 24077 | D:13     | Received a gift from Okawaru
 24164 | D:13     | Found a blossoming altar of Fedhas.
 24166 | D:13     | Found a sacrificial altar of Ru.
 24166 | D:13     | Found a shimmering altar of Xom.
 24168 | D:13     | Found a shimmering altar of Xom.
 24168 | D:13     | Found a glowing golden altar of the Shining One.
 24168 | D:13     | Found a basalt altar of Yredelemnul.
 24328 | D:14     | Reached XP level 16. HP: 100/103 MP: 19/19
 24373 | D:14     | Received a gift from Okawaru
 24535 | D:14     | Noticed Louise
 24558 | D:14     | Killed Louise
 24689 | D:14     | Received a gift from Okawaru
 24752 | D:14     | Found Tiuvve's Weapon Shoppe.
 24833 | D:14     | Noticed Kirke
 24844 | D:14     | Killed Kirke
 25257 | D:14     | Found Hooporu's Gadget Boutique.
 25299 | D:15     | Entered Level 15 of the Dungeon
 25581 | D:15     | Identified the amulet "Ruhecviko" {Spirit rC+} (You found
                  | it on level 15 of the Dungeon)
 25878 | D:15     | Reached skill level 13 in Fighting
 25984 | D:15     | Found a staircase to the Depths.
 26386 | Spider:1 | Entered Level 1 of the Spider Nest
 26744 | Spider:1 | Received a gift from Okawaru
 27274 | Spider:2 | Reached skill level 10 in Shields
 27279 | Spider:2 | Reached skill level 10 in Dodging
 27543 | Spider:2 | Reached XP level 17. HP: 106/109 MP: 20/20
 27966 | Spider:2 | Found a roughly hewn altar of Beogh.
 28081 | Spider:2 | You are sucked into a shaft!
 28169 | Spider:3 | Received a gift from Okawaru
 28874 | Spider:3 | Received a gift from Okawaru
 29534 | Spider:3 | Noticed Arachne
 29574 | Spider:3 | Killed Arachne
 29994 | Spider:4 | Entered Level 4 of the Spider Nest
 30349 | Spider:4 | Reached skill level 14 in Fighting
 30689 | Spider:4 | Reached XP level 18. HP: 116/116 MP: 7/21
 30744 | Spider:4 | Received a gift from Okawaru
 31241 | Spider:4 | Got a gossamer rune of Zot
 31445 | Swamp:1  | Entered Level 1 of the Swamp
 31610 | Swamp:1  | Found a runed gate.
 31610 | Swamp:1  | Found a runed gate.
 31611 | Swamp:1  | Found a runed gate.
 31612 | Swamp:1  | Noticed marthius's ghost (journeyman HuFi)
 31629 | Swamp:1  | Killed marthius's ghost
 31815 | Swamp:1  | Reached skill level 1 in Translocations
 32955 | Swamp:3  | Received a gift from Okawaru
 33597 | Swamp:4  | Entered Level 4 of the Swamp
 33624 | Swamp:4  | Noticed a tentacled monstrosity
 33636 | Swamp:4  | Killed a tentacled monstrosity
 33803 | Swamp:4  | Received a gift from Okawaru
 33813 | Swamp:4  | Reached XP level 19. HP: 73/122 MP: 20/22
 33838 | Swamp:4  | Received a gift from Okawaru
 33948 | Swamp:4  | Noticed the 27-headed Lernaean hydra
 33959 | Swamp:4  | Killed the 20-headed Lernaean hydra
 33965 | Swamp:4  | Got a decaying rune of Zot
 34593 | Elf:1    | Entered Level 1 of the Elven Halls
 34614 | Elf:1    | Received a gift from Okawaru
 34896 | Elf:1    | Received a gift from Okawaru
 34941 | Elf:1    | Reached skill level 15 in Fighting
 35023 | Elf:1    | Received a gift from Okawaru
 35093 | Elf:1    | Reached skill level 5 in Translocations
 35602 | Elf:1    | Received a gift from Okawaru
 35606 | Elf:1    | Got an ancient broad axe {god gift}
 35607 | Elf:1    | Identified the +7 broad axe "Ufeebb" {chop, Fragile rPois
                  | MR+ Int+5} (Okawaru gifted it to you on level 1 of the
                  | Elven Halls)
 35700 | Elf:1    | Identified the Almanac of Conjuration and Summoning
 36081 | Elf:2    | Found a runed gate.
 36081 | Elf:2    | Found a runed gate.
 36081 | Elf:2    | Found a runed gate.
 36142 | Elf:2    | Reached skill level 1 in Necromancy
 36233 | Elf:2    | Received a gift from Okawaru
 36442 | Elf:2    | Reached skill level 15 in Axes
 36451 | Elf:2    | Received a gift from Okawaru
 36478 | Elf:2    | Identified the +3 hunting sling of War {venom, rC+}
                  | (Okawaru gifted it to you on level 2 of the Elven Halls)
 36656 | Elf:2    | Noticed Donald
 36670 | Elf:2    | Killed Donald
 36686 | Elf:2    | Reached XP level 20. HP: 59/130 MP: 23/23
 36863 | Elf:3    | Entered Level 3 of the Elven Halls
 37772 | Elf:3    | Received a gift from Okawaru
 37784 | Elf:3    | Received a gift from Okawaru
 37833 | Elf:3    | Got a vibrating bone ring
 37857 | Elf:3    | Identified the ring "Onuez" {rCorr Str+4 Dex+7 Slay+2} (You
                  | took it off a deep elf mage on level 3 of the Elven Halls)
 38096 | Elf:3    | Reached skill level 15 in Shields
 38202 | Elf:3    | Received a gift from Okawaru
 38391 | Elf:3    | Identified Waros's Reference Book on Supportive
                  | Transmutation
 38414 | Elf:3    | Learned a level 6 spell: Deflect Missiles
 38438 | Elf:3    | Identified the +0 chain mail of Undesirable Species {rC-
                  | Int+4 Stlth+} (You found it on level 3 of the Elven Halls)
 38816 | Vaults:1 | Entered Level 1 of the Vaults
 38837 | Vaults:1 | Received a gift from Okawaru
 38841 | Vaults:1 | Reached skill level 1 in Spellcasting
 38904 | Vaults:1 | Reached skill level 16 in Fighting
 39068 | Vaults:1 | Found Nuot's General Store.
 39078 | Vaults:1 | Bought a scroll of blinking for 97 gold pieces
 39279 | Vaults:1 | Reached XP level 21. HP: 87/136 MP: 24/24
 39618 | Vaults:1 | Received a gift from Okawaru
 40524 | Vaults:2 | Reached skill level 5 in Charms
 40541 | Vaults:2 | Received a gift from Okawaru
 40553 | Vaults:2 | Identified the +0 chain mail of New Discoveries {rPois MR++
                  | Int+4 Dex-3} (Okawaru gifted it to you on level 2 of the
                  | Vaults)
 40748 | Vaults:2 | Noticed Asterion
 41004 | Vaults:2 | Killed Asterion
 41956 | Vaults:3 | Noticed Mennas
 42038 | Vaults:3 | Killed Mennas
 42087 | Vaults:3 | Reached skill level 5 in Invocations
 42452 | Vaults:3 | Found a staircase to the Crypt.
 43199 | Vaults:3 | Reached XP level 22. HP: 118/144 MP: 25/25
 43374 | Vaults:3 | Found Xeid's Antique Weapon Emporium.
 43382 | Vaults:3 | Bought a crystal fustibalus for 400 gold pieces
 43382 | Vaults:3 | Identified the +8 fustibalus "Peanudd" {freeze, +Blink
                  | rN+++ MR- Str-4} (You bought it in a shop on level 3 of the
                  | Vaults)
 43531 | Vaults:4 | Received a gift from Okawaru
 43558 | Vaults:4 | Got a jewelled plate armour {god gift}
 43569 | Vaults:4 | Identified the +5 plate armour "Qaocuzac" {rC- Int+5 Dex+3}
                  | (Okawaru gifted it to you on level 4 of the Vaults)
 44071 | Vaults:4 | Found Fihaim's Armour Shop.
 44279 | Vaults:4 | Learned a level 5 spell: Aura of Abjuration
 44316 | Vaults:4 | Reached skill level 17 in Fighting
 44554 | Vaults:4 | Reached skill level 1 in Summonings
 44846 | Vaults:4 | Got a glittering ivory ring
 44848 | Vaults:4 | Identified the ring "Reyrgh" {rElec rF+ rN+ MR- Str+3} (You
                  | acquired it on level 4 of the Vaults)
 45030 | Crypt:1  | Entered Level 1 of the Crypt
 45032 | Crypt:1  | Identified the Guide on Excruciating Talismans
 45197 | Crypt:1  | Received a gift from Okawaru
 45240 | Crypt:1  | Received a gift from Okawaru
 45265 | Crypt:1  | Received a gift from Okawaru
 45699 | Crypt:1  | Noticed Jory
 45721 | Crypt:1  | Killed Jory
 45721 | Crypt:1  | Reached XP level 23. HP: 150/150 MP: 29/29
 45793 | Crypt:1  | Found a basalt altar of Yredelemnul.
 45985 | Crypt:1  | Identified the Guide on Unstable Talismans
 46217 | Vaults:5 | Entered Level 5 of the Vaults
 46234 | Vaults:4 | Received a gift from Okawaru
 46275 | Vaults:5 | Reached skill level 5 in Spellcasting
 46276 | Vaults:5 | Received a gift from Okawaru
 46335 | Vaults:5 | Reached skill level 5 in Summonings
 46387 | Vaults:5 | Received a gift from Okawaru
 46396 | Vaults:5 | Identified the +5 hand axe of Jyepin {chop, Str+2} (Okawaru
                  | gifted it to you on level 5 of the Vaults)
 46579 | Vaults:5 | Received a gift from Okawaru
 46739 | Vaults:5 | Received a gift from Okawaru
 46766 | Vaults:5 | Noticed an ancient lich
 46788 | Vaults:4 | Killed an ancient lich
 46893 | Vaults:4 | Reached XP level 24. HP: 49/157 MP: 30/32
 47077 | Vaults:4 | Identified the +0 buckler of Servitude {rF++ Dex-5} (You
                  | took it off an ironbrand convoker on level 4 of the Vaults)
 47144 | Vaults:5 | Reached skill level 18 in Fighting
 47150 | Vaults:4 | Reached skill level 5 in Necromancy
 47322 | Vaults:5 | Got a brightly glowing iron ring
 47324 | Vaults:5 | Identified the ring "Maluh" {rF+ Str+4 Int-3 Slay+6 SInv}
                  | (You took it off an ironheart preserver on level 5 of the
                  | Vaults)
 47332 | Vaults:5 | Got a twitching tin ring
 47353 | Vaults:5 | Received a gift from Okawaru
 47361 | Vaults:5 | Identified the ring of the Queen {rF+ EV+5} (You took it
                  | off a fire giant on level 5 of the Vaults)
 47631 | Vaults:5 | Got a steaming silver ring
 47633 | Vaults:5 | Identified the ring of Tension {rPois rF- rC- AC+2 Int+8}
                  | (You found it on level 5 of the Vaults)
 48127 | Vaults:5 | Got a silver rune of Zot
 48895 | Slime:1  | Entered Level 1 of the Pits of Slime
 49104 | Slime:5  | Entered Level 5 of the Pits of Slime
 49115 | Slime:5  | Paralysed by a floating eye for 4 turns
 49549 | Slime:5  | Found a viscous altar of Jiyva.
 49550 | Slime:5  | Found the amulet of the Four Winds {rN+ MR+++ Clar}
 49554 | Slime:5  | Found the +10 Black Knight's horse barding {ponderous,
                  | rPois rN+}
 49571 | Slime:5  | Received a gift from Okawaru
 49585 | Slime:5  | Got a pair of encrusted gloves {god gift}
 49586 | Slime:5  | Identified the +0 pair of gloves of Indemnity {rPois}
                  | (Okawaru gifted it to you on level 5 of the Pits of Slime)
 49630 | Slime:5  | Noticed the Royal Jelly
 49645 | Slime:5  | Killed the Royal Jelly
 49645 | Slime:5  | Reached XP level 25. HP: 154/164 MP: 11/35
 49687 | Slime:5  | Identified the Guide on the Dusty Oath
 49707 | Slime:5  | Got a translucent gossamer ring
 49709 | Slime:5  | Identified the ring "Xexzob Eps" {Fire Int+4} (You found it
                  | on level 5 of the Pits of Slime)
 49851 | Slime:5  | Got a slimy rune of Zot
 49890 | Slime:5  | Got a faintly glowing rapier
 49891 | Slime:5  | Identified the +6 rapier of Extinguishment {drain, MR+
                  | Str+2 Dex+2} (You found it on level 5 of the Pits of Slime)
 50265 | Depths:1 | Entered Level 1 of the Depths
 50319 | Depths:1 | Noticed Nikola
 50335 | Depths:1 | Killed Nikola
 50511 | Depths:1 | Received a gift from Okawaru
 50781 | Depths:1 | Found a shattered altar of Ashenzari.
 50947 | Depths:1 | Found a runed door.
 50949 | Depths:1 | Noticed a juggernaut
 50962 | Depths:1 | Killed a juggernaut
 50962 | Depths:1 | Received a gift from Okawaru
 50969 | Depths:1 | Got a pitted jade ring
 50971 | Depths:1 | Identified the ring "Werasko" {rF++ Str+3} (You found it on
                  | level 1 of the Depths)
 51139 | Depths:1 | Found a gateway to Hell.
 51143 | Depths:1 | Reached skill level 19 in Fighting
 51211 | Depths:2 | Received a gift from Okawaru
 51802 | Depths:2 | Noticed a juggernaut
 51822 | Depths:2 | Killed a juggernaut
 51838 | Depths:2 | Received a gift from Okawaru
 51869 | Depths:2 | Identified the +4 hunting sling of the Ship {venom, Str+3
                  | SInv} (Okawaru gifted it to you on level 2 of the Depths)
 52028 | Depths:2 | Found a runed door.
 52029 | Depths:2 | Noticed Ofuow's ghost (veteran GrGl)
 52067 | Depths:2 | Killed Ofuow's ghost
 52068 | Depths:2 | Found a runed door.
 52084 | Depths:2 | Noticed Maffolandro's ghost (veteran HOWn)
 52117 | Depths:2 | Killed Maffolandro's ghost
 52129 | Depths:2 | Found a runed door.
 52135 | Depths:2 | Noticed Ofuow's ghost (veteran GrGl)
 52136 | Depths:2 | Identified the cursed +3 rapier of the Countless Deaths
                  | {speed, rElec} (You found it on level 2 of the Depths)
 52157 | Depths:2 | Reached XP level 26. HP: 172/172 MP: 33/36
 52177 | Depths:2 | Killed Ofuow's ghost
 52434 | Depths:3 | Reached skill level 10 in Summonings
 52546 | Depths:3 | Received a gift from Okawaru
 52560 | Depths:3 | Reached skill level 10 in Spellcasting
 52624 | Depths:3 | Noticed Saint Roka
 52639 | Depths:3 | Killed Saint Roka
 53050 | Depths:3 | Found a one-way gate leading to the halls of Pandemonium.
 53273 | Depths:3 | Received a gift from Okawaru
 53998 | Depths:4 | Found a gateway to a ziggurat.
 54127 | Depths:4 | Found a one-way gate to the infinite horrors of the Abyss.
 54488 | Depths:4 | Reached skill level 20 in Fighting
 54649 | Depths:4 | Reached XP level 27. HP: 147/179 MP: 35/38
 54842 | Depths:4 | Noticed a juggernaut
 54849 | Depths:4 | Received a gift from Okawaru
 54871 | Depths:4 | Killed a juggernaut
 54914 | Depths:4 | Noticed an ancient lich
 54925 | Depths:4 | Received a gift from Okawaru
 54927 | Depths:4 | Killed an ancient lich
 54931 | Depths:4 | Got a translucent shield {god gift}
 54942 | Depths:4 | Identified the +6 shield of Liberalism {Int+4 Dex+3}
                  | (Okawaru gifted it to you on level 4 of the Depths)
 55370 | D:9      | Fell from the grace of Okawaru
 55370 | D:9      | Became a worshipper of Cheibriados the Contemplative
 55817 | Crypt:2  | Noticed Boris
 55841 | Crypt:2  | Killed Boris
 55841 | Crypt:2  | Reached * piety under Cheibriados
 55961 | Crypt:2  | Identified the +5 chain mail of Dios {rElec} (You found it
                  | on level 2 of the Crypt)
 56601 | Crypt:3  | Entered Level 3 of the Crypt
 56759 | Crypt:3  | Gained mutation: Potions are less effective at restoring
                  | your health. [a neqoxec]
 56858 | Crypt:3  | Reached ** piety under Cheibriados
 56999 | Crypt:3  | Found a staircase to the Tomb.
 56999 | Crypt:3  | Noticed a greater mummy
 57020 | Crypt:3  | Killed a greater mummy
 57190 | Crypt:3  | Reached *** piety under Cheibriados
 57190 | Crypt:3  | Reached skill level 10 in Armour
 57190 | Crypt:3  | Reached skill level 1 in Air Magic
 57709 | Crypt:3  | Found an ancient bone altar of Kikubaaqudgha.
 57948 | Crypt:3  | Reached **** piety under Cheibriados
 57965 | Crypt:3  | Got a bound platinum ring
 57966 | Crypt:3  | Identified the ring "Haj Baed" {rElec rPois Int+8 Dex-4
                  | SInv} (You took it off a necromancer on level 3 of the
                  | Crypt)
 58032 | Crypt:3  | Noticed an ancient lich
 58047 | Crypt:3  | Killed an ancient lich
 58249 | Crypt:3  | Reached skill level 21 in Fighting
 58670 | Crypt:3  | Identified the +0 chain mail of the Heavens {rCorr Dex+4}
                  | (You found it on level 3 of the Crypt)
 58671 | Crypt:3  | Identified the Collected Works on Toxic Boosts
 58715 | Crypt:3  | Got a scorched copper ring
 58715 | Crypt:3  | Got a shimmering lapis lazuli ring
 58722 | Crypt:3  | Identified the ring of Curiosity {rF+ rC+ rN+} (You found
                  | it on level 3 of the Crypt)
 58724 | Crypt:3  | Identified the ring of Amorality {rPois rN+ Str-4 Dex+4
                  | Slay+3} (You found it on level 3 of the Crypt)
 58728 | Crypt:3  | Got a transparent steel ring
 58730 | Crypt:3  | Identified the ring "Sass" {rCorr rC+ Dex+8} (You found it
                  | on level 3 of the Crypt)
 58731 | Crypt:3  | Lost mutation: Your spells are a little easier to cast, but
                  | a little less powerful. [potion of mutation]
 58731 | Crypt:3  | Lost mutation: Your flesh is cold resistant. (rC+) [potion
                  | of mutation]
 58731 | Crypt:3  | Lost mutation: Potions are less effective at restoring your
                  | health. [potion of mutation]
 58731 | Crypt:3  | Gained mutation: You are weak. (Str -2) [potion of
                  | mutation]
 58731 | Crypt:3  | Gained mutation: You evolve. [potion of mutation]
 58731 | Crypt:3  | Gained mutation: Your skin changes colour to match your
                  | surroundings (Stealth+). [potion of mutation]
 58731 | Crypt:3  | Gained mutation: Your flesh is heat resistant. (rF+)
                  | [potion of mutation]
 59236 | Depths:4 | Voluntarily entered the Abyss.
 59409 | Abyss:1  | Reached ***** piety under Cheibriados
 59858 | Abyss:2  | Gained mutation: You have a pair of small horns on your
                  | head. [evolution]
 59897 | Abyss:2  | Gained mutation: You tend to lose your temper in combat. [a
                  | cacodemon]
 59899 | Abyss:2  | Gained mutation: You are covered in fur. (AC +1) [a
                  | cacodemon]
 59901 | Abyss:2  | Lost mutation: You evolve. [potion of mutation]
 59901 | Abyss:2  | Lost mutation: You tend to lose your temper in combat.
                  | [potion of mutation]
 59901 | Abyss:2  | Lost mutation: You have a pair of small horns on your head.
                  | [potion of mutation]
 59901 | Abyss:2  | Lost mutation: You are weak. (Str -2) [potion of mutation]
 59901 | Abyss:2  | Gained mutation: Your magical capacity is low. (-10% MP)
                  | [potion of mutation]
 59901 | Abyss:2  | Gained mutation: You are frail. (-10% HP) [potion of
                  | mutation]
 59901 | Abyss:2  | Gained mutation: You are agile. (Dex +2) [potion of
                  | mutation]
 59902 | Abyss:2  | Lost mutation: You are frail. (-10% HP) [potion of
                  | mutation]
 59902 | Abyss:2  | Lost mutation: Your skin changes colour to match your
                  | surroundings (Stealth+). [potion of mutation]
 59902 | Abyss:2  | Gained mutation: You can translocate small distances at
                  | will. [potion of mutation]
 59902 | Abyss:2  | Gained mutation: Your body sometimes deteriorates upon
                  | taking damage. [potion of mutation]
 59902 | Abyss:2  | Gained mutation: You are dopey. (Int -2) [potion of
                  | mutation]
 59902 | Abyss:2  | Lost mutation: Your magical capacity is low. (-10% MP)
                  | [potion of mutation]
 59903 | Abyss:2  | Lost mutation: You are covered in fur. (AC +1) [potion of
                  | mutation]
 59903 | Abyss:2  | Lost mutation: You are dopey. (Int -2) [potion of mutation]
 59903 | Abyss:2  | Lost mutation: Your body sometimes deteriorates upon taking
                  | damage. [potion of mutation]
 59903 | Abyss:2  | Lost mutation: You are agile. (Dex +2) [potion of mutation]
 59903 | Abyss:2  | Gained mutation: You evolve. [potion of mutation]
 59903 | Abyss:2  | Gained mutation: You have large cloven feet. [potion of
                  | mutation]
 60026 | Abyss:3  | Learned a level 1 spell: Apportation
 60273 | Abyss:3  | Reached ****** piety under Cheibriados
 60641 | Abyss:5  | Entered Level 5 of the Abyss
 60641 | Abyss:5  | Found a corrupted altar of Lugonu.
 60812 | Abyss:5  | Was forgiven by Okawaru
 61077 | Abyss:5  | Gained mutation: Your magical capacity is low. (-10% MP) [a
                  | neqoxec]
 61081 | Abyss:5  | Reached skill level 22 in Fighting
 61100 | Abyss:5  | Gained mutation: Scrolls take you a little longer to read.
                  | [a neqoxec]
 61103 | Abyss:5  | Gained mutation: Your body sometimes deteriorates upon
                  | taking damage. [a neqoxec]
 61106 | Abyss:5  | Gained mutation: You are frail. (-10% HP) [a neqoxec]
 61145 | Abyss:5  | Paralysed by accursed screaming for 1 turns
 61175 | Abyss:5  | Paralysed by accursed screaming for 1 turns
 61180 | Depths:4 | Escaped the Abyss
 61256 | Depths:4 | Voluntarily entered the Abyss.
 61495 | Abyss:2  | Found a corrupted altar of Lugonu.
 61589 | Abyss:3  | Reached skill level 10 in Charms
 61728 | Abyss:3  | Paralysed by accursed screaming for 1 turns
 61828 | Abyss:3  | Paralysed by accursed screaming for 2 turns
 61962 | Abyss:4  | Found a corrupted altar of Lugonu.
 62019 | Abyss:4  | Found a corrupted altar of Lugonu.
 62044 | Abyss:4  | Got an abyssal rune of Zot
 62070 | Abyss:4  | Found a corrupted altar of Lugonu.
 62126 | Abyss:4  | Reached skill level 5 in Air Magic
 62214 | Abyss:4  | Gained mutation: You tend to lose your temper in combat. [a
                  | neqoxec]
 62248 | Abyss:4  | Found a corrupted altar of Lugonu.
 62404 | Abyss:4  | Reached skill level 10 in Invocations
 62480 | Abyss:4  | Reached skill level 23 in Fighting
 62839 | Depths:4 | Escaped the Abyss
 62841 | Depths:4 | Lost mutation: You evolve. [potion of mutation]
 62841 | Depths:4 | Lost mutation: You are frail. (-10% HP) [potion of
                  | mutation]
 62841 | Depths:4 | Lost mutation: Scrolls take you a little longer to read.
                  | [potion of mutation]
 62841 | Depths:4 | Gained mutation: You are resistant to hostile enchantments.
                  | (MR+) [potion of mutation]
 62842 | Depths:4 | Lost mutation: You can translocate small distances at will.
                  | [potion of mutation]
 62842 | Depths:4 | Lost mutation: Your flesh is heat resistant. (rF+) [potion
                  | of mutation]
 62842 | Depths:4 | Lost mutation: You tend to lose your temper in combat.
                  | [potion of mutation]
 62842 | Depths:4 | Gained mutation: You are dopey. (Int -2) [potion of
                  | mutation]
 62842 | Depths:4 | Gained mutation: You have hoof-like feet. [potion of
                  | mutation]
 62843 | Depths:4 | Lost mutation: You are resistant to hostile enchantments.
                  | (MR+) [potion of mutation]
 62843 | Depths:4 | Lost mutation: You are dopey. (Int -2) [potion of mutation]
 62843 | Depths:4 | Lost mutation: Your magical capacity is low. (-10% MP)
                  | [potion of mutation]
 62843 | Depths:4 | Lost mutation: Your body sometimes deteriorates upon taking
                  | damage. [potion of mutation]
 62843 | Depths:4 | Gained mutation: You are partially covered in rugged brown
                  | scales. (AC +1, +3% HP) [potion of mutation]
 63123 | Pan      | Entered Pandemonium
 63468 | Pan      | Entered the realm of Gloorx Vloq.
 63581 | Pan      | Noticed Gloorx Vloq
 63601 | Pan      | Killed Gloorx Vloq
 63618 | Pan      | Got a dark rune of Zot
 63783 | Pan      | Gained mutation: You occasionally shout uncontrollably at
                  | your foes. [a cacodemon]
 64695 | Pan      | Noticed Xeih the pandemonium lord
 64949 | Pan      | Entered the realm of Cerebov.
 65022 | Pan      | Noticed Cerebov
 65056 | Pan      | Killed Cerebov
 65064 | Pan      | Got a smoking flail {vamp}
 65065 | Pan      | Identified the +11 flail "Spider's Curse" {vamp, rF+} (You
                  | took it off a balrug in Pandemonium)
 65195 | Pan      | Got a fiery rune of Zot
 65216 | Pan      | Identified Jooppeann's Incunabulum of Gliding Stones
 65238 | Pan      | Identified the Volume of Dislocated Ice
 65287 | Pan      | Identified the +3 ring mail of Ceozil {+Blink +Inv rC-
                  | Int+6} (You found it in Pandemonium)
 65383 | Pan      | Gained mutation: You are frail. (-10% HP) [a cacodemon]
 65509 | Pan      | Entered the realm of Lom Lobon.
 65530 | Pan      | Noticed Lom Lobon
 65572 | Pan      | Got a magical rune of Zot
 65608 | Pan      | Identified the +0 robe of Card Tricks {rF- rN+ Str+4} (You
                  | found it in Pandemonium)
 65657 | Pan      | Found an exit through the horrors of the Abyss.
 65749 | Pan      | Got a faintly humming helmet
 65760 | Pan      | Identified the +0 helmet of Ecrabealel {-Tele +Inv rC+++
                  | rN+} (You acquired it in Pandemonium)
 65793 | Pan      | Noticed Zaigodih the pandemonium lord
 65816 | Pan      | Killed Zaigodih the pandemonium lord
 65900 | Pan      | Entered the realm of Mnoleg.
 65991 | Pan      | Gained mutation: You are clumsy. (Dex -2) [a neqoxec]
 66031 | Pan      | Noticed Mnoleg
 66039 | Pan      | Paralysed by a floating eye for 3 turns
 66062 | Pan      | Paralysed by a floating eye for 4 turns
 66064 | Pan      | Gained mutation: Your magical capacity is low. (-10% MP)
                  | [Mnoleg's mutagenic touch]
 66074 | Pan      | Killed Mnoleg
 66083 | Pan      | Lost mutation: You have hoof-like feet. [a cacodemon]
 66105 | Pan      | Gained mutation: Your spells are a little easier to cast,
                  | but a little less powerful. [a neqoxec]
 66129 | Pan      | Paralysed by a floating eye for 3 turns
 66209 | Pan      | Gained mutation: You sometimes yell uncontrollably at your
                  | foes. [a neqoxec]
 66210 | Pan      | Gained mutation: Scrolls take you a little longer to read.
                  | [a cacodemon]
 66289 | Pan      | Got a glowing rune of Zot
 66294 | Pan      | Lost mutation: You are frail. (-10% HP) [potion of
                  | mutation]
 66294 | Pan      | Lost mutation: You have large cloven feet. [potion of
                  | mutation]
 66294 | Pan      | Lost mutation: Scrolls take you a little longer to read.
                  | [potion of mutation]
 66294 | Pan      | Lost mutation: You sometimes yell uncontrollably at your
                  | foes. [potion of mutation]
 66294 | Pan      | Gained mutation: You have a pair of small horns on your
                  | head. [potion of mutation]
 66294 | Pan      | Gained mutation: Your spells are easier to cast, but less
                  | powerful. [potion of mutation]
 66294 | Pan      | Gained mutation: Your mind is acute. (Int +2) [potion of
                  | mutation]
 66406 | Pan      | Noticed Lom Lobon
 66430 | Pan      | Killed from afar by Lom Lobon

Skill      XL: |  1  2  3  4  5  6  7  8  9 10 11 12 13 14 15 16 17 18 19 20 21 22 23 24 25 26 27 |
---------------+----------------------------------------------------------------------------------+-----
Maces & Flails | 4 5 6 7 9 10 11 | 11.2
Fighting       | 4 5 6 8 9 10 11 12 13 14 15 16 17 18 19 20 23 | 23.9
Armour         | 1 2 3 4 5 6 7 8 9 13 | 13.3
Dodging        | 3 4 5 6 7 8 9 10 11 12 13 14 | 14.1
Shields        | 1 2 3 4 5 6 7 8 9 10 12 13 14 15 16 17 18 19 20 22 | 22.6
Stealth        | 3 4 5 6 7 8 9 |  9.5
Invocations    | 1 2 3 4 5 6 12 | 12.6
Axes           | 1 2 3 6 7 9 10 11 12 14 15 16 17 18 19 20 | 20.4
Slings         | 4 6 8 9 10 11 12 13 | 13.7
Throwing       | 1 2 |  2.9
Polearms       | 1 |  1.7
Charms         | 3 6 7 8 12 | 12.2
Translocations | 3 5 6 |  6.8
Necromancy     | 2 4 5 6 |  6.1
Spellcasting   | 1 4 6 8 9 11 14 | 14.6
Summonings     | 3 6 8 9 11 | 11.9
Air Magic      | 8 |  8.3
Evocations     | |  0.5

Action                   |  1- 3 |  4- 6 |  7- 9 | 10-12 | 13-15 | 16-18 | 19-21 | 22-24 | 25-27 || total
-------------------------+-------+-------+-------+-------+-------+-------+-------+-------+-------++-------
Melee: Mace              |   146 |   128 |    90 |     4 |       |       |       |       |       ||   368
       Whip              |       |    85 |   355 |   438 |   439 |       |       |       |       ||  1317
       Dire flail        |       |       |    26 |       |       |       |       |       |       ||    26
       War axe           |       |       |    24 |       |    60 |       |       |       |       ||    84
       Hand axe          |       |       |       |   174 |   746 |       |       |       |       ||   920
       Trident           |       |       |       |       |    98 |       |       |       |       ||    98
       Broad axe         |       |       |       |       |    23 |  1140 |  1089 |   882 |  2829 ||  5963
       Eveningstar       |       |       |       |       |       |    53 |       |       |       ||    53
       Headbutt          |       |       |       |       |       |       |       |       |     9 ||     9
 Fire: Hunting sling     |       |       |     2 |   243 |   617 |   456 |   304 |   232 |   756 ||  2610
Throw: Tomahawk          |       |       |     4 |     6 |    10 |       |       |       |       ||    20
       Javelin           |       |       |       |       |    17 |     5 |     4 |     4 |    38 ||    68
 Cast: Shroud of Golubri |       |       |       |       |     2 |       |     2 |    14 |     6 ||    24
       Sandblast         |       |       |       |       |     2 |       |       |       |       ||     2
       Song of Slaying   |       |       |       |       |       |       |     3 |    17 |    39 ||    59
       Regeneration      |       |       |       |       |       |       |     2 |    23 |   114 ||   139
       Aura of Abjuratio |       |       |       |       |       |       |       |       |    38 ||    38
       Blink             |       |       |       |       |       |       |       |       |     8 ||     8
       Apportation       |       |       |       |       |       |       |       |       |   131 ||   131
       Deflect Missiles  |       |       |       |       |       |       |       |       |     4 ||     4
Invok: Heroism           |       |       |     4 |    20 |    25 |    17 |    15 |    22 |    15 ||   118
       Finesse           |       |       |       |     1 |     2 |     1 |     4 |     5 |     1 ||    14
       Slouch            |       |       |       |       |       |       |       |       |    24 ||    24
       Bend Time         |       |       |       |       |       |       |       |       |     1 ||     1
 Abil: Fly               |       |       |       |       |     1 |       |       |       |       ||     1
Evoke: Wand              |       |       |       |       |    11 |     2 |       |     7 |     3 ||    23
  Use: Scroll            |       |       |     5 |    13 |     7 |    13 |     9 |    16 |    37 ||   100
       Potion            |       |       |       |    10 |     5 |       |     4 |     5 |    19 ||    43
 Stab: Sleeping          |     1 |     1 |     2 |     1 |     6 |    11 |    21 |     6 |     7 ||    56
       Distracted        |       |       |       |       |     2 |     1 |     2 |     3 |    19 ||    27
       Confused          |       |       |       |       |       |     1 |       |       |       ||     1
       Invisible         |       |       |       |       |       |       |       |       |    14 ||    14
       Paralysed         |       |       |       |       |       |       |       |       |     2 ||     2
  Eat: Chunk             |     2 |     9 |    12 |    21 |    24 |    32 |    20 |    19 |    30 ||   169
       Ration            |       |       |       |     1 |     1 |       |     4 |     2 |     7 ||    15
Armor: Robe              |    36 |       |    66 |    62 |       |       |       |       |       ||   164
       Ring mail         |    15 |    77 |       |       |   484 |   701 |   331 |   232 |   743 ||  2583
       Scale mail        |       |    30 |    82 |       |       |       |       |       |       ||   112
       Troll leather arm |       |       |       |   125 |    45 |       |       |       |       ||   170
Dodge: Dodged            |    82 |   119 |   216 |   336 |   825 |   639 |   388 |   305 |  1721 ||  4631
       Deflected         |       |       |       |       |       |       |       |       |    16 ||    16
Block: Buckler           |    13 |    30 |    60 |   132 |   378 |     2 |       |       |       ||   615
       Large shield      |       |       |       |       |       |  1945 |  1469 |  1324 |  3624 ||  8362
       Reflection        |       |       |       |       |       |    13 |   124 |    79 |    58 ||   274
       Shield            |       |       |       |       |       |       |       |       |   542 ||   542
